 Dungeon Crawl Stone Soup version 0.27.0-1-g7a089689b8 (webtiles) character file.

Game seed: 533904227039824191

84 Amplified the Firebug (level 4, -1/36 HPs)
             Began as a Hill Orc Fire Elementalist on Aug 3, 2021.
             Succumbed to an adder's poison
             ... on level 2 of the Dungeon.
             The game lasted 00:05:49 (3079 turns).

Amplified the Firebug (Hill Orc Fire Elementalist)  Turns: 3079, Time: 00:05:50

Health: -1/36      AC:  2    Str: 10    XL:     4   Next: 46%
Magic:  6/7        EV: 12    Int: 16    God:
Gold:   92         SH:  0    Dex: 11    Spells: 3/7 levels left

rFire    . . .     SeeInvis .   f - +0 hand axe
rCold    . . .     Faith    .   (no shield)
rNeg     . . .     Spirit   .   a - +0 robe
rPois    .         Reflect  .   (no helmet)
rElec    .         Harm     .   (no cloak)
rCorr    .         Rampage  .   (no gloves)
Will     .....                  (no boots)
Stlth    ++........             (no amulet)
HPRegen  0.12/turn              (no ring)
MPRegen  0.10/turn              (no ring)

@: lethally poisoned (-1 -> -12), very slightly contaminated
A: no striking features
a: no special abilities


You were on level 2 of the Dungeon.
You visited 1 branch of the dungeon, and saw 2 of its levels.

You collected 92 gold pieces.

Inventory:

Hand Weapons
 f - a +0 hand axe (weapon)
Armour
 a - a +0 robe (worn)
Magical Staves
 b - a staff of poison
Scrolls
 c - 2 scrolls of identify
 d - a scroll of torment


   Skills:
 * Level 2.1 Fighting
 * Level 1.9 Armour
 * Level 2.2 Dodging
 - Level 1.5 Stealth
 * Level 2.2 Spellcasting
 - Level 1.0 Conjurations
 - Level 3.2 Fire Magic


You had 3 spell levels left.
You knew the following spells:

 Your Spells              Type           Power      Damage    Failure   Level
a - Foxfire               Conj/Fire      32%        2x1d5     9%          1
b - Conjure Flame         Conj/Fire      8%         6-21      26%         3

Your spell library contained the following spells:

 Spells                   Type           Power      Damage    Failure   Level
 Inner Flame              Hex/Fire       7%         N/A       30%         3
 Call Canine Familiar     Summ           1%         N/A       52%         3
 Portal Projectile        Hex/Tloc       2%         N/A       52%         3
 Sticky Flame             Conj/Fire      8%         2d3       63%         4
 Leda's Liquefaction      Hex/Erth       0%         N/A       90%         4
 Fireball                 Conj/Fire      4%         3d4       93%         5


Dungeon Overview and Level Annotations

Branches:
Dungeon (2/15)

Altars:
Beogh


Message History

The adder poisons you! The adder bites you.
Unknown command.
You barely miss the adder.
The adder is heavily wounded.
You feel very sick. The adder bites you.
Casting: Foxfire (safe; 9% risk of failure)
Confirm with . or Enter, or press ? or * to list all spells.
You miscast Foxfire.
You are very lightly contaminated with residual magic.
Nothing appears to happen.
You feel sick. The adder barely misses you. x2
Unknown command.
Unknown command.
You feel sick.
Casting: Foxfire (safe; 9% risk of failure)
Confirm with . or Enter, or press ? or * to list all spells.
You miscast Foxfire.
Nothing appears to happen.
You feel sick. The adder bites you.
You are more poisoned.
The adder poisons you!
Unknown command.
You feel sick. The adder bites you.
* * * LOW HITPOINT WARNING * * *
You are lethally poisoned!
The adder poisons you!
It was a potion of magic.
Magic courses through your body.
* * * LOW HITPOINT WARNING * * *
You feel very sick. The kobold hits you with a +0 whip.
* * * LOW HITPOINT WARNING * * *
The adder bites you but does no damage.
Unknown command.
Unknown command.
Okay, then.
You aren't carrying any items that you can evoke.
Unknown command.
Casting: Foxfire (safe; 9% risk of failure)
Confirm with . or Enter, or press ? or * to list all spells.
You conjure some foxfire!
You die...

#......##..#...###...........#...
#......##.####...).....†...#....#
#.........## #####.........###...
#......#...## ##.).......##..#.
#......#....# #.........(.....#
#........##.## #.####......#.#..
#######.###..# #.###..######.##.
###.# ##.####.....# ####..##.
####...# #...v@S#### #........
#....#######...Kv.### #........
##.#######....###....# #........
......<....#### #.##.............
...######### #.# ####.......#
...# ... #.......# ...# ....
######### #### ...... .......


You could see an adder and a kobold (ally target).

Vanquished Creatures
  An adder (D:2)
  A worm (D:2)
  A dart slug (D:2)
  3 ball pythons (D:1)
  9 endoplasms
  3 giant cockroaches (D:1)
  4 goblins
  11 hobgoblins
  8 jackals (D:1)
  2 quokkas (D:1)
  4 bats
  3 frilled lizards (D:2)
  5 kobolds
  5 rats
60 creatures vanquished.

Vanquished Creatures (others)
  94 foxfires
94 creatures vanquished.

Grand Total: 154 creatures vanquished

Notes
Turn   | Place    | Note
-------+----------+-------------------------------------------
     0 | D:1      | Amplified the Hill Orc Fire Elementalist began the quest
                  | for the Orb.
     0 | D:1      | Reached XP level 1. HP: 14/14 MP: 3/3
    13 | D:1      | You fall into a shaft and drop 1 floor!
   476 | D:1      | Reached XP level 2. HP: 14/22 MP: 0/4
   752 | D:1      | Reached skill level 1 in Fighting
   976 | D:1      | Reached skill level 1 in Armour
  1223 | D:1      | Reached XP level 3. HP: 14/28 MP: 2/5
  1949 | D:1      | Found a roughly hewn altar of Beogh.
  1949 | D:1      | Noticed an orc warrior
  2259 | D:2      | Reached XP level 4. HP: 23/36 MP: 2/7
  2426 | D:2      | Learned a level 3 spell: Conjure Flame
  3078 | D:2      | HP: 1/36 [kobold (5)]
  3079 | D:2      | Succumbed to an adder's poison

Illustrated notes

Levels and vault maps discovered:
D:1:      erik_arrival_cave_to_civilisation [erik_arrival_cave_to_temple],
          layout_basic
D:2:      layout_rooms

Skill      XL: |  1  2  3  4 |
---------------+-------------+-----
Fighting       | 1 2 |  2.1
Armour         | 1 |  1.9
Dodging        | 2 |  2.2
Spellcasting   | 2 |  2.2
Stealth        | |  1.5
Conjurations   | |  1.0
Fire Magic     | |  3.2

Action                   |  1- 3 |  4- 6 || total
-------------------------+-------+-------++-------
Melee: Unarmed           |    15 |       ||    15
       Short sword       |    64 |    34 ||    98
       Hand axe          |       |    13 ||    13
 Cast: Foxfire           |    52 |    14 ||    66
  Use: Potion            |     2 |     1 ||     3
       Scroll            |     3 |     2 ||     5
Armor: Robe              |    33 |     8 ||    41
Dodge: Dodged            |   100 |    40 ||   140
